 Dungeon Crawl Stone Soup version 0.19.1 (webtiles) character file.

882 tagomago the Spear-Bearer (level 8, -1/61 HPs)
             Began as a Merfolk Gladiator on Dec 4, 2016.
             Was a Follower of Zin.
             Killed by nerve-wracking pain
             ... invoked by an orc priest
              (11 damage)
             ... on level 5 of the Dungeon.
             The game lasted 00:14:42 (5249 turns).

tagomago the Spear-Bearer (Merfolk Gladiator)       Turns: 5249, Time: 00:14:42

Health: -1/61      AC:  9    Str: 15    XL:     8   Next: 5%
Magic:  10/10      EV: 14    Int:  7    God:    Zin [*.....]
Gold:   109        SH:  2    Dex: 17    Spells: 0 memorised, 7 levels left

rFire  . . .     SeeInvis .     a - +0 trident
rCold  . . .     Gourm    .     b - +0 leather armour
rNeg   . . .     Faith    .     (no shield)
rPois  .         Spirit   .     c - +2 helmet
rElec  .         Reflect  +     (no cloak)
rCorr  .         Harm     .     w - +0 pair of gloves
MR     .....                    t - +1 pair of boots
Stlth  +.........               e - +2 amulet of reflection
                                (no ring)
                                u - ring of wizardry

@: short of breath
A: change form in water, swift swim, stealthy swim
a: Recite, Donate Gold, Renounce Religion


You were on level 5 of the Dungeon.
You worshipped Zin.
Zin was aware of your devotion.
You were not hungry.

You visited 2 branches of the dungeon, and saw 6 of its levels.

You collected 202 gold pieces.
You donated 93 gold pieces to Zin.

Inventory:

Hand Weapons
 a - a +0 trident (weapon)
Missiles
 d - 3 throwing nets (quivered)
Armour
 b - a +0 leather armour (worn)
 c - a +2 helmet (worn)
 s - the cursed +0 robe of Divine Intervention {rC- rCorr Dex+3 Stlth+}
   (You found it on level 4 of the Dungeon)

   It affects your dexterity (+3).
   It makes you vulnerable to cold.
   It protects you from acid and corrosion.
   It makes you more stealthy.
   It has a curse placed upon it.
 t - a +1 pair of boots (worn)
 w - a +0 pair of gloves (worn)
Jewellery
 e - a +2 amulet of reflection (around neck)
 o - an uncursed amulet of rage {unknown}
 u - a ring of wizardry (left hand)
Scrolls
 j - a scroll of immolation
 k - a scroll of blinking
 l - 2 scrolls of identify
 n - 2 scrolls of remove curse
 r - a scroll of teleportation {unknown}
 v - 2 scrolls of amnesia {unknown}
 x - a scroll of magic mapping {unknown}
Potions
 f - a potion of cancellation {unknown}
 i - 2 potions of heal wounds {unknown}
 m - a potion of flight
 z - a potion of mutation {unknown}
Comestibles
 g - 2 slices of pizza
 h - 4 fruits
 p - a bread ration


   Skills:
 + Level 4.7 Fighting
 - Level 11.1 Polearms
 - Level 2.0 Throwing
 - Level 4.0 Dodging
 * Level 3.1 Invocations


You had 7 spell levels left.
You didn't know any spells.

Dungeon Overview and Level Annotations

Branches:
Dungeon (5/15)             Temple (1/1) D:4

Altars:
Ashenzari
Cheibriados
Dithmenos
Elyvilon
Fedhas
Gozag
Hepliaklqana
Kikubaaqudgha
Makhleb
Nemelex Xobeh
Okawaru
Qazlal
Ru
Sif Muna
Trog
Uskayaw
Vehumet
Xom
Yredelemnul
Zin
The Shining One

Annotations:
D:3 Grinder


Message History

Beogh smites you!
* * * LOW HITPOINT WARNING * * *
You closely miss the sky beast. The orc hits you.
* * * LOW HITPOINT WARNING * * *
The worker ant misses you. The sky beast misses you.
Unknown command.
You closely miss the orc priest.
The orc priest is heavily wounded.
The worker ant bites you but does no damage.
The orc misses you.
You feel better.
The orc priest hits you with a hand axe.
* * * LOW HITPOINT WARNING * * *
The sky beast misses you. The worker ant barely misses you.
The orc hits you but does no damage.
You hit the orc priest but do no damage.
The orc priest is heavily wounded.
The orc priest invokes the aid of Beogh against you.
Pain shoots through your body!
You die...

# ##########.#########.....######
# #...#(......###.# #
###.#.####### ######## #######
#.#.#...# #....).) #.....#
#.......# #.###### #.....#
#.......# #...# # #.....#
#.......#######.# #
#####.....####.o.....#.....#.####
..........'...oa@....# #......##
..........##.)≈oY....# #......##
..........##...≈..#### #.....[..
#####.....##......# #........
########......# #####.....
#......# #.#......... .......#
#.#.##...... ........#
#.#.#....... . #.#.###.###.


You could see a sky beast, a worker ant, an orc priest and 2 orcs.

Vanquished Creatures
  The ghost of ForceOfMortality the Chopper, an amateur CeFi (D:3)
  A big kobold (D:5)
  2 scorpions
  A bullfrog zombie (D:5)
  A bullfrog skeleton (D:4)
  2 orc priests (D:4)
  2 orc wizards
  A centaur skeleton (D:4)
  2 iguanas
  3 worker ants (D:4)
  A worker ant zombie (D:5)
  4 adders
  An ooze (D:5)
  An adder skeleton (D:4)
  6 worms
  4 dart slugs
  5 leopard geckos
  6 orcs
  4 bats
  2 giant cockroaches
  6 goblins
  2 hobgoblins (D:1)
  4 quokkas
  2 ball pythons
  6 frilled lizards
  28 kobolds
  A quokka skeleton (D:4)
  A quokka zombie (D:5)
  5 rats
105 creatures vanquished.

Notes
Turn   | Place    | Note
-------+----------+-------------------------------------------
     0 | D:1      | tagomago the Merfolk Gladiator began the quest for the Orb.
     0 | D:1      | Reached XP level 1. HP: 16/16 MP: 1/1
    62 | D:1      | Reached skill level 5 in Polearms
   102 | D:1      | Reached XP level 2. HP: 19/22 MP: 2/2
   490 | D:1      | Reached skill level 6 in Polearms
   490 | D:1      | Reached XP level 3. HP: 27/27 MP: 3/3
  2137 | D:3      | Reached skill level 7 in Polearms
  2137 | D:3      | Reached XP level 4. HP: 16/33 MP: 4/4
  2514 | D:3      | Noticed ForceOfMortality's ghost (amateur CeFi)
  2546 | D:3      | Killed ForceOfMortality's ghost
  2546 | D:3      | Reached skill level 9 in Polearms
  2546 | D:3      | Reached XP level 5. HP: 14/38 MP: 5/5
  2546 | D:3      | Reached XP level 6. HP: 16/44 MP: 6/6
  2981 | D:4      | Reached skill level 10 in Polearms
  3202 | D:4      | Noticed Grinder
  3202 | D:4      | Paralysed by Grinder for 3 turns
  3211 | D:4      | Paralysed by Grinder for 4 turns
  3217 | D:3      | Paralysed by Grinder for 7 turns
  3650 | D:4      | Reached XP level 7. HP: 30/50 MP: 7/7
  3656 | D:4      | Reached skill level 11 in Polearms
  3700 | D:4      | Got a sheer robe
  3793 | D:4      | Identified the cursed +0 robe of Divine Intervention {rC- rCorr Dex+3 Stlth+} (You found it on level 4 of the Dungeon)
  4052 | D:4      | Found a staircase to the Ecumenical Temple.
  4079 | Temple   | Entered the Ecumenical Temple
  4264 | Temple   | Became a worshipper of Zin the Law-Giver
  4264 | Temple   | Reached * piety under Zin
  4265 | Temple   | Donated 73 gold pieces to Zin
  4376 | D:5      | Entered Level 5 of the Dungeon
  4511 | D:5      | Reached skill level 1 in Invocations
  4737 | D:5      | Found an iron altar of Okawaru.
  4991 | D:5      | Reached XP level 8. HP: 61/61 MP: 8/10
  5249 | D:5      | Killed from afar by an orc priest

Skill      XL: |  1  2  3  4  5  6  7 |
---------------+----------------------+-----
Polearms       | 5 6 7 9 10 11 | 11.1
Fighting       | 4 |  4.7
Invocations    | 3 |  3.1
Throwing       | |  2.0
Dodging        | |  4.0

Action                   |  1- 3 |  4- 6 |  7- 9 || total
-------------------------+-------+-------+-------++-------
Melee: Trident           |   157 |    91 |   248 ||   496
Invok: Recite            |       |       |     4 ||     4
       Donate Gold       |       |       |     1 ||     1
  Use: Potion            |       |     6 |     3 ||     9
       Scroll            |       |       |    10 ||    10
 Stab: Sleeping          |     2 |     2 |     2 ||     6
  Eat: Bread ration      |     1 |     1 |       ||     2
       Chunk             |       |     1 |       ||     1
       Meat ration       |       |       |     1 ||     1
Armor: Leather armour    |    22 |     8 |    65 ||    95
       Skin              |       |    15 |       ||    15
Dodge: Dodged            |    98 |    39 |   127 ||   264
Block: Other             |    12 |     4 |    15 ||    31
       Reflection        |       |       |     1 ||     1
